 Dungeon Crawl Stone Soup version 0.28-a0-71-g84acfa7270 (webtiles) character file.

Game seed: 3814030962122501090

142 asterach the Sneak (level 5, -1/28 HPs)
             Began as a Vine Stalker Monk on Aug 1, 2021.
             Slain by a bullfrog (6 damage)
             ... in a sewer.
             The game lasted 00:07:34 (3118 turns).

asterach the Sneak (Vine Stalker Monk)              Turns: 3118, Time: 00:07:34

Health: -1/28      AC:  3    Str: 14    XL:     5   Next: 25%
Magic:  0/6        EV: 13    Int: 16    God:
Gold:   152        SH:  0    Dex: 17    Spells: 4/4 levels left

rFire   . . .      SeeInvis .   c - +1 dagger (vamp)
rCold   . . .      Faith    .   (no shield)
rNeg    . . .      Spirit   +   b - +0 robe
rPois   .          Reflect  .   (no helmet)
rElec   .          Harm     .   i - +0 cloak
rCorr   .          Rampage  .   (no gloves)
Will    .....                   (no boots)
Stlth   ++........              (no amulet)
HPRegen 1.09/turn               g - +6 ring of intelligence
MPRegen 0.10/turn               (no ring)

@: silenced
A: fangs 2, regeneration 1, magic shield, antimagic bite, no potion heal 2
a: no special abilities


You were in a sewer.
You visited 1 branch of the dungeon, and saw 3 of its levels.
You also visited: Sewer.

You collected 152 gold pieces.

Inventory:

Hand Weapons
 c - a +1 vampiric dagger (weapon)
Armour
 b - a +0 robe (worn)
 i - a +0 cloak (worn)
Jewellery
 g - a +6 ring of intelligence (left hand)
Scrolls
 j - a scroll of identify {unknown}


   Skills:
 + Level 3.4 Fighting
 + Level 3.5 Short Blades
 + Level 3.2 Dodging
 + Level 3.8 Stealth


You had 4 spell levels left.
You didn't know any spells.
Your spell library contained the following spells:

 Spells                   Type           Power      Damage    Failure   Level
 Corpse Rot               Necr/Air       N/A        N/A       36%         2
 Poisonous Vapours        Pois/Air       0%         N/A       36%         2
 Inner Flame              Hex/Fire       0%         N/A       58%         3
 Cause Fear               Hex            0%         N/A       94%         4
 Freezing Cloud           Conj/Ice/Air   0%         6-21      100%        5
 Discord                  Hex            0%         N/A       100%        8


Dungeon Overview and Level Annotations

Branches:
Dungeon (3/15)              Sewer (1/1)

Altars:
Gozag

Annotations:
D:3 3 runed translucent doors, TerrariaFan's ghost, amateur MiBe


Innate Abilities, Weirdness & Mutations

You have extremely sharp teeth.
Your natural rate of healing is unusually fast.
When hurt, damage is shared between your health and your magic reserves.
Your bite disrupts and absorbs the magic of your enemies.
Potions cannot restore your health.


Message History

You hit the frilled lizard.
You feel better.
You kill the frilled lizard!
The bullfrog hits you. The frilled lizard barely misses you.
The adder bites you but does no damage.
You hit the frilled lizard.
You feel better.
You kill the frilled lizard!
The bullfrog closely misses you. The bullfrog hits you. The adder bites you.
The bullfrog hits you.
You hit the bullfrog.
You feel better.
The bullfrog is lightly wounded.
The bullfrog hits you. x2
* * * LOW HITPOINT WARNING * * *
The adder bites you.
* * * LOW HITPOINT WARNING * * *
The frilled lizard closely misses you.
The bullfrog barely misses you. x2; The frilled lizard bites you.
* * * LOW HITPOINT WARNING * * *
You see here a ball python corpse.
Blink to where?
Press: ? - help, Dir - move target, p - bullfrog Splash!
You fall into the shallow water.
Moving in this stuff is going to be slow.
As you read the scroll labelled GEBRYO XEAR, it crumbles to dust.
It was a scroll of blinking.
You hear an angry hiss.
A ball python comes into view.
The ball python moves out of view.
A rat comes into view.
As you read the scroll labelled ZOIRPH KIECEZOG, it crumbles to dust.
A profound silence engulfs you.
It was a scroll of silence.
The bullfrog hits you.
* * * LOW HITPOINT WARNING * * *
The bullfrog hits you.
* * * LOW HITPOINT WARNING * * *
The bullfrog barely misses you.
You hit the bullfrog but do no damage. The bullfrog closely misses you.
A river rat comes into view.
The bullfrog hits you!
You die...

r.## ...# .r..# ....#
#...#
#################....#
≈≈≈≈≈≈≈≈≈≈≈≈≈≈≈#S....#
≈≈≈≈≈≈≈≈≈≈≈l≈≈SF@...#
#≈≈≈≈≈≈≈≈≈≈≈≈≈≈F....#
≈≈≈≈≈≈≈≈≈≈≈≈≈≈≈.....#
≈≈≈≈≈S.††#l≈≈≈≈....##
≈≈≈≈≈l≈≈≈≈≈≈≈≈≈#.###
##################


You could see 2 bullfrogs, an adder, a river rat (wandering), a ball python, 2
frilled lizards and a rat.

Vanquished Creatures
  4 adders
  2 river rats (Sewer)
  2 worms (D:3)
  3 dart slugs
  10 ball pythons
  3 bats (D:1)
  8 endoplasms
  4 giant cockroaches
  3 goblins
  8 jackals
  5 kobolds
  5 quokkas (D:1)
  5 frilled lizards
  14 rats
76 creatures vanquished.

Notes
Turn   | Place    | Note
-------+----------+-------------------------------------------
     0 | D:1      | asterach the Vine Stalker Monk began the quest for the Orb.
     0 | D:1      | Reached XP level 1. HP: 11/11 MP: 2/2
    67 | D:1      | Reached XP level 2. HP: 7/16 MP: 1/3
   265 | D:1      | Found a faded altar of an unknown god.
  1111 | D:1      | Reached XP level 3. HP: 12/20 MP: 2/4
  1824 | D:2      | Found an opulent altar of Gozag.
  2054 | D:2      | Gained mutation: Your natural rate of healing is unusually
                  | fast. [Vine Stalker growth]
  2054 | D:2      | Reached XP level 4. HP: 24/24 MP: 5/5
  2569 | D:3      | Found a runed translucent gate.
  2570 | D:3      | Found a runed translucent gate.
  2570 | D:3      | Noticed TerrariaFan's ghost (amateur MiBe)
  2682 | D:3      | Found a runed translucent gate.
  2682 | D:3      | Noticed a kobold brigand
  2896 | D:3      | Found a glowing drain.
  2912 | Sewer    | Entered a sewer
  2970 | Sewer    | Reached XP level 5. HP: 20/28 MP: 4/6
  3118 | Sewer    | Slain by a bullfrog

Illustrated notes

Levels and vault maps discovered:
D:1:      dpeg_arrival_round_b, layout_loops_ring,
          hellmonk_ecumenical_altar_zigzags, hangedman_decor_slide_cut
D:2:      layout_basic, basic_altar
D:3:      layout_loops_ring, gammafunk_ghost_nasty_kobolds,
          portal_sewer_entry_b, chequers_serial_rivers_micro_d
Sewer:    sewer_minmay_w

Skill      XL: |  1  2  3  4 |
---------------+-------------+-----
Fighting       | 3 |  3.4
Short Blades   | 3 |  3.5
Dodging        | 3 |  3.2
Stealth        | 3 |  3.8

Action                   |  1- 3 |  4- 6 || total
-------------------------+-------+-------++-------
Melee: Short sword       |    56 |       ||    56
       Bite              |    40 |    26 ||    66
       Dagger            |    86 |   111 ||   197
  Use: Potion            |       |     2 ||     2
       Scroll            |       |     4 ||     4
 Stab: Sleeping          |     4 |     9 ||    13
Armor: Robe              |    25 |    20 ||    45
Dodge: Dodged            |    87 |    96 ||   183

Table legend: (Time is in decaauts)
 A = Elapsed time spent in this place.
 B = Non-inter-level travel time spent in this place.
 C = Inter-level travel time spent in this place.
 D = Time resting spent in this place.
 E = Time spent auto-exploring this place.
 F = Levels seen in this place.
 G = Mean time per level.
                   A        B        C        D        E       F      G
               +--------+--------+--------+--------+--------+-----+--------+
         Total |   3108 |   2999 |    109 |    174 |   2040 |   4 |  777.0 |
       Dungeon |   2889 |   2780 |    109 |    174 |   1969 |   3 |  963.0 |
         Sewer |    218 |    218 |      0 |      0 |     71 |   1 |  218.0 |
               +--------+--------+--------+--------+--------+-----+--------+

Top non-repeatable levels by time:
     D:1: 1738 daAuts
     D:2: 774 daAuts
     D:3: 377 daAuts
   Sewer: 218 daAuts
